 Dungeon Crawl Stone Soup version 0.16.0-17-g811c1d7 (console) character file.

98 mauris the Grasshopper (level 4, -1/22 HPs)
             Began as a Spriggan Warper on Mar 21, 2015.
             Slain by Eustachio
             ... wielding a +0 rapier
              (4 damage)
             ... on level 5 of the Dungeon.
             The game lasted 00:05:03 (2349 turns).

mauris the Grasshopper (Spriggan Warper)            Turns: 2349, Time: 00:05:04

Health: -1/22      AC:  2    Str: 12    XL:     4   Next: 43%
Magic:  14/14      EV: 18    Int: 14    God:
Gold:   149        SH:  0    Dex: 16    Spells: 1 memorised, 9 levels left

rFire  . . .     SeeInvis +     a - +0 short sword
rCold  . . .     Clarity  .     b - +0 robe {2}
rNeg   . . .     SustAb   .     (shield restricted)
rPois  .         Gourm    .     (helmet restricted)
rElec  .         Spirit   .     (no cloak)
rCorr  .         Warding  .     (gloves unavailable)
rMut   .         Stasis   .     (boots unavailable)
MR     .....                    (no amulet)
Stlth  +.........               (no ring)
                                (no ring)

@: mighty, very quick, not resistant to hostile enchantments, very unstealthy
A: unfitting armour, see invisible, herbivore 3, speed 3, slow metabolism 2
a: no special abilities


You were on level 5 of the Dungeon.
You were not hungry.

You visited 1 branch of the dungeon, and saw 5 of its levels.

You collected 149 gold pieces.

Inventory:

Hand weapons
 a - a +0 short sword (weapon)
Missiles
 e - 5 tomahawks of dispersal (quivered) {!f}
 l - 93 stones
Armour
 b - a +0 robe (worn) {2}
Jewellery
 n - an uncursed ring of invisibility {unknown}
Scrolls
 d - a scroll of blinking
 h - a scroll of fear {unknown}
 i - 2 scrolls of remove curse {unknown}
 j - a scroll of teleportation {unknown}
Potions
 g - 2 potions of haste {unknown}
 m - a potion of resistance
Books
 c - a book of Spatial Translocations

   Spells                             Type                      Level
   a - Apportation                    Translocation                1
   b - Blink                          Translocation                2
   c - Shroud of Golubria             Charms/Translocation         2
   d - Portal Projectile              Translocation                3
   e - Teleport Other                 Translocation                3
   f - Passage of Golubria            Translocation                4
Comestibles
 f - 2 bread rations


   Skills:
 - Level 1.5 Fighting
 + Level 3.5 Short Blades
 - Level 1.1 Throwing
 - Level 0.6 Armour
 - Level 3.0 Dodging
 + Level 3.9 Spellcasting
 + Level 5.6 Translocations


You had 9 spell levels left.
You knew the following spells:

 Your Spells              Type           Power        Failure   Level  Hunger
A - Apportation           Tloc           ###.......   1%          1    None


Dungeon Overview and Level Annotations

Branches:
Dungeon (5/15)
 Temple: D:4-7

Altars:

Annotations:
D:4 exclusions: orc and skeleton
D:5 Eustachio


Innate Abilities, Weirdness & Mutations

You are tiny and cannot use many weapons and most armour.
You have supernaturally acute eyesight.
You are a herbivore.
You cover ground extremely quickly.
You need consume almost no food.


Message History

You feel sick.
Damage: -4%(-1hp) hp: 19%(4hp)
* * * LOW HITPOINT WARNING * * *
You feel sick.
Huge Dmg: -5%(-1hp) hp: 14%(3hp)
* * * LOW HITPOINT WARNING * * *
You feel sick.
Huge Dmg: -4%(-1hp) hp: 10%(2hp)
You feel sick.
You are no longer poisoned.
Huge Dmg: -4%(-1hp) hp: 10%(2hp) Eustachio shouts!
Eustachio casts a spell.
Eustachio blinks!
You puncture Eustachio!
Eustachio is moderately wounded.
You puncture Eustachio!!
Eustachio is almost dead.
Eustachio hits you with a rapier.
You die...

#........ . ##.......
## #. #####Z## .. #@
#.# .###. ######.#.
..##.###..Z.o...
##.##.....####...
####...............#
#.@@..###..######.##
#......###..a#..# ....
..### ###...$# ).o.
###..# .... #..# ....
#a.## # #####...###
#### #####.........###
#...##.....#.........#


You could see Eustachio and a worker ant.

Vanquished Creatures
  A giant frog skeleton (D:4)
  2 adders
  A worm (D:2)
  A giant gecko (D:1)
  An ooze (D:1)
  5 goblins
  4 hobgoblins
  A jackal (D:5)
  10 kobolds
  A quokka (D:2)
  6 bats
  7 giant newts
  A quokka skeleton (D:4)
  4 rats
45 creatures vanquished.

Notes
Turn   | Place    | Note
--------------------------------------------------------------
     0 | D:1      | mauris, the Spriggan Warper, began the quest for the Orb.
     0 | D:1      | Reached XP level 1. HP: 10/10 MP: 4/4
    25 | D:1      | Huge Dmg: 3 dmg
   320 | D:1      | Reached XP level 2. HP: 12/14 MP: 7/7
   341 | D:1      | Huge Dmg: 3 dmg
   739 | D:2      | Huge Dmg: 3 dmg
   832 | D:3      | Huge Dmg: 4 dmg
   834 | D:2      | Huge Dmg: 3 dmg
   835 | D:2      | Huge Dmg: 2 dmg
   837 | D:2      | Huge Dmg: 3 dmg
  1086 | D:2      | Huge Dmg: 10 dmg
  1086 | D:2      | Reached XP level 3. HP: 5/18 MP: 11/11
  1455 | D:2      | Reached skill level 5 in Translocations
  1756 | D:3      | Huge Dmg: 7 dmg
  1904 | D:4      | Huge Dmg: 6 dmg
  1905 | D:4      | Reached XP level 4. HP: 7/22 MP: 14/14
  2196 | D:5      | Entered Level 5 of the Dungeon
  2196 | D:5      | Noticed Eustachio
  2196 | D:5      | Noticed an ogre
  2236 | D:5      | Huge Dmg: 7 dmg
  2296 | D:5      | Huge Dmg: 2 dmg
  2315 | D:5      | Huge Dmg: 1 dmg
  2322 | D:5      | Huge Dmg: 1 dmg
  2329 | D:5      | Huge Dmg: 1 dmg
  2349 | D:5      | Slain by Eustachio

Action                   |  1- 3 |  4- 6 || total
-------------------------+-------+-------++-------
Melee: Short sword       |    99 |    34 ||   133
  Use: Potion            |     1 |     1 ||     2
       Scroll            |       |     2 ||     2

Vault maps used:
D:1:      dpeg_arrival_radiant
D:3:      uniq_jessica
D:4:      lemuel_coloured_pillars_altar
D:5:      first_bread, serial_shops, shop, nemelex_xobeh_ov_fountains_minmay,
          uniq_eustachio, uniq_sigmund
